[Event "Team 45 45 League T37"]
[Site "Internet Chess Club"]
[Date "2008.06.01"]
[Round "6"]
[White "xakelari"]
[Black "LoseOften"]
[Result "1-0"]
[WhiteElo "2046"]
[BlackElo "1856"]
[Opening "Sicilian: closed, 6.f4"]
[ECO "B25"]
[Time "09:00:23"]
[TimeControl "2700+45"]

1. e4 c5 2. Nc3 d6 3. g3 g6 4. Bg2 Bg7 5. d3 Nc6 6. f4 e6 7. Nf3 Nd4 8. O-O Ne7
9. Be3 Rb8 10. e5 Nef5 11. Bf2 Nxf3+ 12. Qxf3 Nd4 13. Bxd4 cxd4 14. Ne4 dxe5 15.
fxe5 O-O 16. Nf6+ Bxf6 17. exf6 e5 18. Qe4 Re8 19. Rae1 b5 20. Qh4 Rb6 21. Rf2
Ree6 22. Bh3 Rec6 23. Bxc8 Qxc8 24. Rxe5 Rxc2 25. Rxc2 Qxc2 26. Re8# {Black
checkmated} 1-0

[Event "Team 45 45 League T37"]
[Site "Internet Chess Club"]
[Date "2008.06.01"]
[Round "6"]
[White "QueensCounselor"]
[Black "Stav"]
[Result "1-0"]
[WhiteElo "1856"]
[BlackElo "1780"]
[Opening "Philidor: Improved Hanham variation"]
[ECO "B07"]
[Time "13:59:24"]
[TimeControl "2700+45"]

1. e4 d6 2. d4 Nf6 3. Nc3 e5 4. Nf3 Nbd7 5. Bg5 Be7 6. Bc4 O-O 7. O-O c6 8. a4
Ne8 9. Bxe7 Qxe7 10. Re1 Nc7 11. Qd2 Nb6 12. Bb3 Bg4 13. Re3 Rad8 14. a5 Nd7 15.
Ba2 Kh8 16. b4 Bh5 17. Rb1 b5 18. Ne2 f5 19. exf5 Rxf5 20. Ng3 Rxf3 21. gxf3 Qg5
22. Rd1 Nd5 23. Bxd5 cxd5 24. Kh1 Bg6 25. c3 h5 26. Ree1 Qf6 27. Qe3 h4 28. Ne2
Rf8 29. Ng1 Bh5 30. Rd2 h3 31. f4 Qe6 32. Qxh3 Qxh3 33. Nxh3 Bf3+ 34. Kg1 e4 35.
Re3 Rf6 36. Ng5 Rxf4 37. Nxf3 exf3 38. Rdd3 Rg4+ 39. Kf1 Rg2 40. Rxf3 Rxh2 41.
Rh3+ Rxh3 42. Rxh3+ Kg8 43. Kg2 Kf7 44. Kg3 Nf6 45. f3 Kg6 46. Rh8 Kg5 47. Ra8
Nh5+ 48. Kf2 Nf4 49. Rxa7 Nd3+ 50. Ke3 Nb2 51. Rxg7+ Kf5 52. a6 Nc4+ 53. Kf2 Kf4
54. a7 {Black resigns} 1-0

[Event "Team 45 45 League T37"]
[Site "Internet Chess Club"]
[Date "2008.06.01"]
[Round "6"]
[White "IceBox"]
[Black "hansolo1000"]
[Result "1/2-1/2"]
[WhiteElo "1707"]
[BlackElo "1787"]
[Opening "English: Carls' Bremen system"]
[ECO "A22"]
[Time "05:01:34"]
[TimeControl "2700+45"]

1. c4 Nf6 2. Nc3 e5 3. g3 d6 4. Bg2 c6 5. e3 Bg4 6. Qb3 Qc7 7. Nge2 Nbd7 8. d4
Be7 9. O-O O-O 10. Qc2 a6 11. b3 Rfe8 12. Bb2 Rac8 13. Rac1 Bf8 14. f3 Bh5 15.
Qd2 Qa5 16. a3 Qb6 17. b4 exd4 18. exd4 Bg6 19. g4 Ne5 20. Na4 Qa7 21. c5 Nd3
22. Rc3 Nxb2 23. Nxb2 Nd5 24. Rb3 Qb8 25. Nf4 Nxf4 26. Qxf4 d5 27. Qd2 Re7 28.
Re1 Rce8 29. Rbe3 Qd8 30. Rxe7 Rxe7 31. a4 Rxe1+ 32. Qxe1 Qe7 33. Qxe7 Bxe7 34.
Kf2 Bg5 35. Ke2 Bc2 36. a5 Bc1 37. Nd3 Ba3 38. g5 Bxd3+ 39. Kxd3 Bxb4 40. Bh3
Bxa5 41. Bc8 b6 42. cxb6 Bxb6 43. Bxa6 c5 44. dxc5 Bxc5 45. Bb7 d4 46. Be4 h6
47. gxh6 gxh6 48. Kc4 Ba7 49. Kd5 Kg7 50. Ke5 Bb8+ 51. Kxd4 Bxh2 52. Ke3 Kf6 53.
Kf2 Bf4 54. Kg2 {Game drawn by mutual agreement} 1/2-1/2

[Event "Team 45 45 League T37 u"]
[Site "Internet Chess Club"]
[Date "2008.06.02"]
[Round "6"]
[White "burnsja2003"]
[Black "Dbronstein06"]
[Result "0-1"]
[WhiteElo "1636"]
[BlackElo "1679"]
[Opening "King's Indian: Petrosian system, main line"]
[ECO "E93"]
[Time "18:17:53"]
[TimeControl "2700+45"]

1. d4 Nf6 2. c4 g6 3. Nc3 Bg7 4. e4 d6 5. Nf3 O-O 6. Be2 e5 7. d5 Nbd7 8. Bg5 h6
9. Bxf6 Qxf6 10. O-O a6 11. b4 b6 12. Ne1 Qe7 13. Nd3 f5 14. f3 f4 15. Nf2 h5
16. Rc1 g5 17. h3 Rf6 18. Na4 Rg6 19. Rc3 Bf8 20. Qc2 Qg7 21. c5 bxc5 22. bxc5
Nxc5 23. Nxc5 dxc5 24. Rc1 Be7 25. Qd1 g4 26. hxg4 Bh4 27. R1c2 Bxf2+ 28. Kxf2
hxg4 29. Ke1 gxf3 30. Bxf3 Bg4 31. Rf2 Bxf3 32. Qxf3 Rg3 {White resigns} 0-1

[Event "Team 45 45 League T37"]
[Site "Internet Chess Club"]
[Date "2008.05.30"]
[Round "6"]
[White "TheIdeal"]
[Black "jesterday"]
[Result "0-1"]
[WhiteElo "1884"]
[BlackElo "1979"]
[Opening "Inverted Hanham"]
[ECO "A05"]
[Time "13:01:49"]
[TimeControl "2700+45"]

1. Nf3 Nf6 2. d3 d5 3. Nbd2 Nc6 4. e4 e5 5. Be2 Be7 6. O-O O-O 7. b3 dxe4 8.
dxe4 Bc5 9. Bb2 Qe7 10. Bc4 Bg4 11. c3 Rad8 12. Qc2 a5 13. h3 Be6 14. Bb5 Na7
15. Be2 Nh5 16. Bc4 Nf4 17. a3 Bxh3 18. gxh3 Qd7 19. Ng5 Nxh3+ 20. Nxh3 Qxh3 21.
Be2 Rd6 22. Bh5 Qg3+ 23. Kh1 Qh4+ 24. Kg1 Qg5+ 25. Kh1 Qxh5+ {White resigns} 0-1

[Event "Team 45 45 League T37"]
[Site "Internet Chess Club"]
[Date "2008.05.31"]
[Round "6"]
[White "makito"]
[Black "Rainbird"]
[Result "1-0"]
[WhiteElo "1777"]
[BlackElo "1742"]
[Opening "Grünfeld: modern exchange variation"]
[ECO "D85"]
[Time "10:58:17"]
[TimeControl "2700+45"]

1. d4 Nf6 2. c4 g6 3. Nc3 d5 4. cxd5 Nxd5 5. Nf3 Bg7 6. e4 Nxc3 7. bxc3 c5 8.
Qd2 O-O 9. Be2 Qa5 10. O-O cxd4 11. cxd4 Qxd2 12. Bxd2 Nc6 13. Be3 Rd8 14. Rad1
Bg4 15. d5 Ne5 16. Rd2 b6 17. Nxe5 Bxe2 18. Nxf7 Bxf1 19. Nxd8 Bxg2 20. Kxg2
Rxd8 21. Rc2 Rd7 22. f4 Kf7 23. Rc6 g5 24. fxg5 Be5 25. h4 Rc7 26. Kf3 Rb7 27.
h5 Rb8 28. Bf4 Bxf4 29. Kxf4 b5 30. Rc7 a5 31. Ra7 a4 32. d6 b4 33. Rxa4 exd6
34. Ra7+ Kg8 35. Kf5 b3 36. axb3 Rxb3 37. Ke6 Rg3 38. h6 {Black resigns} 1-0

[Event "Team 45 45 League T37"]
[Site "Internet Chess Club"]
[Date "2008.06.02"]
[Round "6"]
[White "Langshaw"]
[Black "incachess"]
[Result "0-1"]
[WhiteElo "1712"]
[BlackElo "1661"]
[Opening "Old Indian defense"]
[ECO "A42"]
[Time "15:39:17"]
[TimeControl "2700+45"]

1. d4 d6 2. c4 g6 3. Nf3 Bg7 4. e3 Nf6 5. Nc3 a6 6. Bd3 O-O 7. O-O Nbd7 8. e4 b6
9. h3 Bb7 10. Be3 c5 11. d5 Ne8 12. Qd2 Ne5 13. Nxe5 Bxe5 14. Bh6 Bg7 15. Bxg7
Kxg7 16. Rfe1 Bc8 17. Qe3 e6 18. e5 exd5 19. Nxd5 Be6 20. Nc3 dxe5 21. Qxe5+ Kg8
22. Be4 Ra7 23. Nd5 Bxd5 24. Bxd5 Nf6 25. Rad1 Rd7 26. b3 Re8 27. Bxf7+ Kxf7 28.
Rxd7+ Qxd7 29. Qc3 Rxe1+ 30. Qxe1 Qf5 31. Qd2 Ke7 32. Qe2+ Qe6 33. Qf3 Qe1+ 34.
Kh2 Qe5+ 35. Kg1 Qa1+ 36. Kh2 Qxa2 37. Qb7+ Nd7 38. Qe4+ Kd8 39. Qa8+ Kc7 40.
Qa7+ Kd6 41. Qb7 Qxf2 42. Qxa6 Qf4+ 43. Kh1 Qc1+ 44. Kh2 Qc3 45. Qa2 Ne5 46. Qb1
Nc6 47. Qd1+ Nd4 48. Qf1 Nxb3 49. Qf8+ Ke6 50. Qe8+ Kf5 51. Qf7+ Ke4 52. Qd5+
Ke3 53. Qf3+ Kd2 54. Qf2+ Kd1 55. Qf1+ Qe1 56. Qd3+ Nd2 57. Qd6 Kc2 58. Qxb6
Nf1+ 59. Kh1 Ne3+ 60. Kh2 Qe2 61. Qc6 Qxg2+ 62. Qxg2+ Nxg2 63. Kxg2 Kc3 {White
resigns} 0-1

[Event "Team 45 45 League T37"]
[Site "Internet Chess Club"]
[Date "2008.05.31"]
[Round "6"]
[White "Orinal"]
[Black "badmove"]
[Result "1-0"]
[WhiteElo "1385"]
[BlackElo "1627"]
[Opening "Caro-Kann: classical variation"]
[ECO "B18"]
[Time "10:03:18"]
[TimeControl "2700+45"]

1. e4 c6 2. d4 d5 3. Nc3 dxe4 4. Nxe4 Bf5 5. Ng3 Bg6 6. Nf3 h6 7. Ne5 Bh7 8. Bc4
e6 9. Qe2 Nf6 10. Nxf7 Qe7 11. Nxh8 Nd5 12. Qh5+ Kd7 13. Nf7 g6 14. Ne5+ Kc7 15.
Qf3 Nd7 16. Bf4 Nxe5 17. Bxe5+ Kc8 18. Bxd5 exd5 19. O-O Bg8 20. Qf6 Qxf6 21.
Bxf6 Bd6 22. Rae1 Kd7 23. Be5 Bxe5 24. Rxe5 Be6 25. Rfe1 Re8 26. f4 Bf7 27. Rxe8
Bxe8 28. Rxe8 Kxe8 29. Kf2 Ke7 30. f5 Kf6 31. fxg6 Kxg6 32. Kf3 Kg5 33. Ne2 Kf5
34. g4+ Kg5 35. Nf4 b6 36. c3 c5 37. dxc5 bxc5 38. Nxd5 h5 39. h3 hxg4+ 40. hxg4
a6 41. b4 {Black resigns} 1-0

[Event "Team 45 45 League T37"]
[Site "Internet Chess Club"]
[Date "2008.05.30"]
[Round "6"]
[White "fishhead"]
[Black "alastorx"]
[Result "1/2-1/2"]
[WhiteElo "1816"]
[BlackElo "1922"]
[Opening "Scandinavian (center counter) defense"]
[ECO "B01"]
[Time "21:53:45"]
[TimeControl "2700+45"]

1. e4 d5 2. exd5 Qxd5 3. Nc3 Qa5 4. d4 Nf6 5. Bc4 Nc6 6. Ne2 Bf5 7. Bd2 O-O-O 8.
Nd5 Qa4 9. b3 Qa3 10. Ne3 Bg6 11. Bc3 Nxd4 12. Nxd4 e5 13. Ng4 exd4 14. Nxf6
Qe7+ 15. Kf1 Qxf6 16. Bb2 Bc5 17. Qg4+ Bf5 18. Qf3 Bxc2 19. Qxf6 gxf6 20. Bxf7
Rhf8 21. Bh5 d3 22. h4 Rd6 23. Bc3 Bd4 24. Bxd4 Rxd4 25. Bd1 Bxd1 26. Rxd1 Re8
27. Rh3 d2 28. Re3 Rxe3 29. fxe3 Rxh4 30. Rxd2 c6 31. Kf2 Kc7 32. Kg3 Re4 33.
Kf3 Re6 34. g4 Rd6 35. Rh2 Rd7 36. Kf4 Kd6 37. Kf5 Rf7 38. b4 Ke7 39. Rh6 b6 40.
e4 c5 41. bxc5 bxc5 42. e5 fxe5+ 43. Kxe5 Kd7 {Game drawn by mutual agreement}
1/2-1/2

[Event "Team 45 45 League T37"]
[Site "Internet Chess Club"]
[Date "2008.06.01"]
[Round "6"]
[White "Egmont"]
[Black "CREDITorDEBIT"]
[Result "0-1"]
[WhiteElo "1724"]
[BlackElo "1631"]
[Opening "Sicilian: Alapin's variation (2.c3)"]
[ECO "B22"]
[Time "11:00:08"]
[TimeControl "2700+45"]

1. e4 c5 2. c3 d6 3. Nf3 Nf6 4. e5 dxe5 5. Nxe5 Qc7 6. d4 e6 7. Be3 Nbd7 8. Qa4
Bd6 9. f4 O-O 10. Be2 Nd5 11. Bd2 N7b6 12. Qb3 f6 13. Nf3 Nxf4 14. Bxf4 Bxf4 15.
O-O c4 16. Qc2 Nd5 17. Re1 b5 18. Na3 a6 19. Qe4 Bd7 20. Bf1 Rae8 21. g3 Bd6 22.
Bg2 f5 23. Qh4 f4 24. Ng5 h6 25. Be4 Be7 26. Qh5 Bxg5 27. Qg6 Nf6 28. h4 Nxe4
29. Rxe4 Bd8 30. g4 Rf6 31. Qh5 f3 32. g5 Qg3+ 33. Kf1 Qg2+ 34. Ke1 f2+ {White
resigns} 0-1

[Event "Team 45 45 League T37"]
[Site "Internet Chess Club"]
[Date "2008.06.01"]
[Round "6"]
[White "Mater"]
[Black "NFK"]
[Result "0-1"]
[WhiteElo "1644"]
[BlackElo "1666"]
[Opening "Budapest: Adler variation"]
[ECO "A52"]
[Time "11:49:22"]
[TimeControl "2700+45"]

1. d4 Nf6 2. c4 e5 3. dxe5 Ng4 4. Nf3 Bc5 5. e3 Nc6 6. Qd5 Qe7 7. Be2 Ngxe5 8.
O-O d6 9. Nxe5 Nxe5 10. Nc3 c6 11. Qe4 Be6 12. a3 O-O 13. b4 f5 14. Qc2 Bb6 15.
Na4 Qh4 16. Nxb6 axb6 17. Bb2 Nxc4 18. Bd4 Nxa3 19. Qc3 c5 20. bxc5 bxc5 21.
Bxg7 Rf7 22. Rxa3 Rxa3 23. Qxa3 Kxg7 24. Bf3 Qe7 25. Rb1 d5 26. Bh5 Rf6 27. Qa1
Bc8 28. Rb6 d4 29. exd4 Rxb6 30. dxc5+ Rf6 {White resigns} 0-1

[Event "Team 45 45 League T37"]
[Site "Internet Chess Club"]
[Date "2008.06.03"]
[Round "6"]
[White "kolibandi"]
[Black "Fezzik"]
[Result "0-1"]
[WhiteElo "2025"]
[BlackElo "2012"]
[Opening "Sicilian: Kan, 5.Bd3"]
[ECO "B42"]
[Time "14:02:21"]
[TimeControl "2700+45"]

1. e4 c5 2. Nf3 e6 3. d4 cxd4 4. Nxd4 a6 5. Bd3 Nc6 6. Nxc6 bxc6 7. O-O d5 8. c4
Nf6 9. Nc3 Be7 10. cxd5 cxd5 11. exd5 exd5 12. Bg5 O-O 13. Re1 Be6 14. Qf3 Qb6
15. Rab1 Rfe8 16. Bxf6 Bxf6 17. Nxd5 Bxd5 18. Qxd5 g6 19. Bc4 Rxe1+ 20. Rxe1 Ra7
21. b3 a5 22. g4 Qd4 23. Re8+ Kg7 24. Qxd4 Bxd4 25. Kg2 a4 26. Rd8 Bf6 27. Rd5
h6 28. Kg3 a3 29. b4 Rc7 30. Bb3 Rc3+ 31. f3 Rxb3 32. axb3 a2 33. Ra5 a1=Q 34.
Rxa1 Bxa1 35. Kf4 Kf6 36. Ke4 Ke6 37. f4 f5+ 38. gxf5+ gxf5+ 39. Kf3 Kd5 40. Ke3
Bd4+ 41. Kd3 Bg1 42. h3 h5 43. b5 Kc5 44. b6 Kxb6 45. Kc4 Kc6 46. b4 Be3 47. b5+
Kd6 48. h4 Bb6 {White resigns} 0-1

[Event "Team 45 45 League T37"]
[Site "Internet Chess Club"]
[Date "2008.06.01"]
[Round "6"]
[White "Knight77"]
[Black "bobhill"]
[Result "1/2-1/2"]
[WhiteElo "1905"]
[BlackElo "1970"]
[Opening "Réti opening"]
[ECO "A04"]
[Time "23:07:30"]
[TimeControl "2700+45"]

1. Nf3 c5 2. g3 Nc6 3. Bg2 d5 4. O-O e5 5. d3 Nf6 6. e4 dxe4 7. dxe4 Bg4 8. Nbd2
Be7 9. c3 Qd7 10. Qa4 a6 11. Rd1 Rd8 12. h3 Bxf3 13. Bxf3 Qxh3 14. Bg2 Qh5 15.
Nf3 O-O 16. Be3 Ng4 17. Rd5 Nxe3 18. fxe3 Rxd5 19. exd5 Nb8 20. g4 Qh6 21. Qe4
Nd7 22. Nxe5 Nxe5 23. Qxe5 Bd6 24. Qe4 Rd8 25. Rf1 Kf8 26. Qf3 f6 27. Kf2 Re8
28. Rh1 Qg6 29. e4 c4 30. Qf5 Qxf5+ 31. gxf5 h6 32. Bf3 b5 33. Ke3 Be5 34. Be2
Rd8 35. a4 Rd7 36. axb5 axb5 37. Ra1 Kf7 38. Ra5 Rb7 39. Ra8 Ke7 40. Bh5 Kd6 41.
Ra6+ Kc7 42. Be8 Rb8 43. Bc6 Kd8 44. Ra7 Bc7 45. Kf3 b4 46. d6 Bxd6 47. Rd7+ Kc8
48. Rxd6 Kc7 49. Re6 bxc3 50. bxc3 Rb3 51. Bd5 Rxc3+ 52. Kg4 Kd7 53. Rc6 Rc1 54.
Rxc4 Rg1+ 55. Kf3 Kd6 56. Rc6+ Ke5 57. Ke3 Rg3+ 58. Kf2 Rg5 59. Ke3 Rg3+ 60. Kf2
Rg5 61. Rc3 g6 62. Be6 Kxe4 63. fxg6 Rxg6 64. Rg3 Rg5 65. Rxg5 hxg5 66. Kg3 Ke5
67. Bg4 Ke4 68. Bc8 Ke3 69. Kg4 Ke4 70. Bf5+ {Game drawn by mutual agreement}
1/2-1/2

[Event "Team 45 45 League T37"]
[Site "Internet Chess Club"]
[Date "2008.06.01"]
[Round "6"]
[White "blackcatdillac"]
[Black "markgravitygood"]
[Result "1/2-1/2"]
[WhiteElo "1813"]
[BlackElo "1791"]
[Opening "Levitsky attack (Queen's bishop attack)"]
[ECO "D00"]
[Time "11:07:49"]
[TimeControl "2700+45"]

1. d4 d5 2. Bg5 Nf6 3. Bxf6 exf6 4. e3 Be6 5. Nd2 f5 6. Bd3 c6 7. Ne2 Nd7 8. c4
dxc4 9. Bxc4 Bxc4 10. Nxc4 Bb4+ 11. Nd2 Qa5 12. a3 Bxd2+ 13. Qxd2 Qxd2+ 14. Kxd2
Nf6 {Game drawn by mutual agreement} 1/2-1/2

[Event "Team 45 45 League T37"]
[Site "Internet Chess Club"]
[Date "2008.05.30"]
[Round "6"]
[White "Ocho-Cinco"]
[Black "room-matt"]
[Result "0-1"]
[WhiteElo "1746"]
[BlackElo "1806"]
[Opening "Scotch: Steinitz variation"]
[ECO "C45"]
[Time "14:02:38"]
[TimeControl "2700+45"]

1. e4 e5 2. Nf3 Nc6 3. d4 exd4 4. Nxd4 Qh4 5. Nc3 Bb4 6. Nb5 Ba5 7. Bd3 a6 8.
Na3 b5 9. Nb1 Nf6 10. O-O d6 11. Bd2 O-O 12. Re1 Bb6 13. g3 Bxf2+ {White
resigns} 0-1

[Event "Team 45 45 League T37"]
[Site "Internet Chess Club"]
[Date "2008.06.01"]
[Round "6"]
[White "cocio"]
[Black "Capamuerte"]
[Result "0-1"]
[WhiteElo "2157"]
[BlackElo "2252"]
[Opening "Owen defense"]
[ECO "B00"]
[Time "10:09:44"]
[TimeControl "2700+45"]

1. e4 b6 2. d4 Bb7 3. Nc3 Nf6 4. Bd3 Nc6 5. Be3 e5 6. d5 Nb4 7. f3 Nxd3+ 8. cxd3
Bd6 9. Nge2 O-O 10. Rc1 c6 11. dxc6 dxc6 12. d4 exd4 13. Nxd4 Qc7 14. Nf5 Bxh2
15. Ne2 Rad8 16. Qa4 Be5 17. g4 c5 18. g5 Nd7 19. Ne7+ Kh8 20. Kf2 g6 21. f4
Rfe8 22. Nd5 Bxd5 23. exd5 Bxb2 24. Bd4+ Bxd4+ 25. Qxd4+ cxd4 26. Rxc7 d3 27.
Nc1 d2 28. Nb3 Nc5 29. Rxf7 h5 30. Nxc5 bxc5 31. Rf6 Rxd5 32. Rxg6 d1=Q {White
resigns} 0-1

[Event "Team 45 45 League T37"]
[Site "Internet Chess Club"]
[Date "2008.06.03"]
[Round "6"]
[White "Intelectual"]
[Black "syy89"]
[Result "1-0"]
[WhiteElo "1908"]
[BlackElo "2116"]
[Opening "Sicilian: Kan, Maróczy bind (Réti variation)"]
[ECO "B41"]
[Time "19:01:57"]
[TimeControl "2700+45"]

1. e4 c5 2. Nf3 e6 3. d4 cxd4 4. Nxd4 a6 5. c4 Nf6 6. f3 Bc5 7. Be3 Qb6 8. Qd2
Nc6 9. Nc2 Nb4 10. Bxc5 Nxc2+ 11. Qxc2 Qxc5 12. Nc3 O-O 13. Bd3 Rb8 14. Qf2 Qa5
15. O-O b5 16. cxb5 axb5 17. e5 Nd5 18. Nxd5 exd5 19. Rfc1 Re8 20. f4 Bb7 21.
Rc5 Bc6 22. a3 Re6 23. Re1 Rbe8 24. Re3 Qa4 25. Bc2 Qa7 26. b4 Qb7 27. Rh3 h6
28. Bf5 R6e7 29. Qg3 Kh8 30. Rxh6+ gxh6 31. Qh4 Re6 32. Bxe6 dxe6 33. Qxh6+ Kg8
34. Rc3 {Black resigns} 1-0

[Event "Team 45 45 League T37"]
[Site "Internet Chess Club"]
[Date "2008.06.08"]
[Round "6"]
[White "andrew28"]
[Black "azbycx"]
[Result "0-1"]
[WhiteElo "1746"]
[BlackElo "1802"]
[Opening "Sicilian defense"]
[ECO "B20"]
[Time "10:29:07"]
[TimeControl "2700+45"]

1. e4 c5 2. c4 e6 3. Nf3 d5 4. cxd5 exd5 5. exd5 Nf6 6. Nc3 Nxd5 7. Bb5+ Bd7 8.
Qe2+ Ne7 9. O-O Bxb5 10. Qxb5+ Qd7 11. Qxc5 Nec6 12. Re1+ Be7 13. Nd5 Na6 14.
Qb5 Rd8 15. Nxe7 Nxe7 16. Qe5 f6 17. Qe3 Nb4 18. Qe4 Nc6 19. d4 O-O 20. Be3 Rfe8
21. Rad1 Ng6 22. Qc2 Nb4 23. Qb3+ Nd5 24. h4 Kh8 25. h5 Nge7 26. h6 Nf5 27.
hxg7+ Qxg7 28. Bc1 Rg8 29. g3 Nxg3 30. Ng5 Nh5 31. Qf3 Nhf4 32. Bxf4 Nxf4 33.
Qxf4 Qxg5+ 34. Qxg5 Rxg5+ 35. Kf1 Rd7 36. Re6 Kg7 37. Rd3 Rgd5 38. Re4 f5 39.
Rh4 Kf6 40. Kg2 Kg5 41. Kg3 h6 42. Rh1 Rxd4 43. f4+ Kg6 44. Re3 Rd3 45. Kf2 Rd2+
46. Kf3 Rxb2 47. Re6+ Kg7 48. Rg1+ Kf7 49. Re2 Rd3+ 50. Kf2 Rdd2 51. Re1 Rxe2+
52. Rxe2 Rxe2+ 53. Kxe2 Ke6 54. Ke3 Kd5 55. Kd3 h5 56. Ke3 b5 57. Kf3 a5 58. Kg3
Ke4 {White resigns} 0-1

[Event "Team 45 45 League T37"]
[Site "Internet Chess Club"]
[Date "2008.05.29"]
[Round "6"]
[White "Gail"]
[Black "morphy2007"]
[Result "1/2-1/2"]
[WhiteElo "2430"]
[BlackElo "2250"]
[Opening "English: Neo-Catalan"]
[ECO "A13"]
[Time "08:00:17"]
[TimeControl "2700+45"]

1. Nf3 Nf6 2. c4 e6 3. g3 d5 4. d4 Bb4+ 5. Bd2 a5 6. Qc2 Nc6 7. Bg2 dxc4 8. Qxc4
Qd5 9. Qd3 Qe4 10. Qxe4 Nxe4 11. a3 Nxd2 12. Nbxd2 Be7 13. Rc1 a4 14. e3 Ra5 15.
O-O Rb5 16. Rc2 O-O 17. Rfc1 Rd8 18. Bf1 Ra5 19. Nc4 Ra8 20. Bg2 f6 21. Nfd2 Bf8
22. Bxc6 bxc6 23. Ne4 Ba6 24. f3 Rdb8 25. Rd2 c5 26. Nxc5 Bxc5 27. dxc5 Rb5 28.
c6 Rc5 29. Rdc2 Rd8 30. Nd2 Rxc2 31. Rxc2 Bd3 32. Rc3 Be2 33. Ne4 Bxf3 34. Nc5
Rd1+ 35. Kf2 Bxc6 36. Nxe6 Bd5 37. Nxc7 Bb3 38. g4 Rd2+ 39. Kg3 Rxb2 40. Nb5 Ra2
41. Rc8+ Kf7 42. Rc7+ Kf8 43. Rc8+ Ke7 44. Rc7+ Kf8 45. Rc8+ Ke7 {Game drawn by
mutual agreement} 1/2-1/2

[Event "Team 45 45 League T37"]
[Site "Internet Chess Club"]
[Date "2008.05.28"]
[Round "6"]
[White "matein7"]
[Black "DocHoliday"]
[Result "0-1"]
[WhiteElo "1920"]
[BlackElo "1863"]
[Opening "Nimzo-Indian: three knights variation"]
[ECO "E21"]
[Time "17:40:12"]
[TimeControl "2700+45"]

1. d4 Nf6 2. Nf3 e6 3. c4 Bb4+ 4. Nc3 c5 5. Bg5 h6 6. Bh4 cxd4 7. Nxd4 Bxc3+ 8.
bxc3 Qa5 9. Rc1 Ne4 10. Nb5 d5 11. Qd4 O-O 12. cxd5 Nxf2 13. Bxf2 Qxb5 14. e4
Qa5 15. Bd3 exd5 16. exd5 Re8+ 17. Be3 Qb6 18. Kf2 Nd7 19. Qe4 Qf6+ 20. Qf3 Ne5
21. Bb5 Nxf3 22. gxf3 Bg4 {White resigns} 0-1

[Event "Team 45 45 League T37"]
[Site "Internet Chess Club"]
[Date "2008.06.03"]
[Round "6"]
[White "Nosferatu1"]
[Black "QuietSet"]
[Result "1/2-1/2"]
[WhiteElo "1824"]
[BlackElo "1888"]
[Opening "QGD"]
[ECO "D30"]
[Time "20:01:52"]
[TimeControl "2700+45"]

1. d4 d5 2. c4 e6 3. Nf3 Nf6 4. Bg5 Be7 5. e3 O-O 6. Bd3 dxc4 7. Bxc4 c5 8. O-O
Qb6 9. Qb3 Qxb3 10. Bxb3 Nbd7 11. Nc3 b6 12. Ne5 cxd4 13. exd4 Bd6 14. Nxd7 Bxd7
15. Bxf6 gxf6 16. d5 Be5 17. dxe6 fxe6 18. Rae1 {Game drawn by mutual agreement}
1/2-1/2

[Event "Team 45 45 League T37"]
[Site "Internet Chess Club"]
[Date "2008.06.01"]
[Round "6"]
[White "PrincessChess"]
[Black "kabindra"]
[Result "1-0"]
[WhiteElo "1827"]
[BlackElo "1790"]
[Opening "Giuoco Pianissimo"]
[ECO "C50"]
[Time "09:00:57"]
[TimeControl "2700+45"]

1. e4 e5 2. Nf3 Nc6 3. Bc4 Bc5 4. d3 Nf6 5. c3 h6 6. b4 Bb6 7. a4 a6 8. a5 Ba7
9. O-O O-O 10. Bb2 d6 11. Qb3 Qe7 12. Nbd2 Nd8 13. Qc2 Be6 14. Bxe6 Nxe6 15. g3
Nh5 16. d4 Ng5 17. Nxg5 Qxg5 18. Nf3 Qg4 19. Ne1 Qh3 20. f3 Qe6 21. Kh1 f5 22.
exf5 Qf7 23. dxe5 dxe5 24. c4 Bd4 25. Bxd4 exd4 26. Rd1 Rad8 27. c5 c6 28. Ng2
Nf6 29. Nf4 Nd5 30. Nxd5 Qxd5 31. Qe4 Rxf5 32. Qxd5+ Rfxd5 33. Rd3 Kf7 34. Kg2
Kf6 35. Re1 R8d7 36. Re4 g5 37. Kf2 Kf5 38. Ke2 Re5 39. g4+ Kf6 40. Rd1 Rxe4+
41. fxe4 Ke5 42. Kd3 Rf7 43. Kc4 Rd7 44. Kd3 Rf7 45. Kc4 Rf4 46. h3 Rxe4 47. Rd3
Rf4 48. Rg3 Rf1 49. Rd3 Rc1+ 50. Kb3 Ke4 51. Rd2 Rc3+ 52. Kb2 Rxh3 53. Re2+ Kd3
54. Re7 Rh2+ 55. Kb3 Rg2 56. Rxb7 Ke2 57. Re7+ Kd2 58. Re6 Rg3+ 59. Kc4 Rc3+ 60.
Kxd4 Rd3+ 61. Kc4 Rc3+ 62. Kd4 Rd3+ 63. Kc4 Rg3 64. Rxh6 Rxg4+ 65. Kb3 Rg3+ 66.
Kc4 Rc3+ 67. Kd4 g4 68. Rxc6 g3 69. Rg6 Rd3+ 70. Kc4 Rc3+ 71. Kd5 Ke2 72. c6 Kf2
73. Kd6 Rd3+ 74. Kc7 g2 75. Kb7 Rg3 76. Rxg3 Kxg3 77. c7 g1=Q 78. c8=Q Qd4 79.
Qc7+ Kf3 80. Qb6 Qd7+ 81. Kxa6 Qd3+ 82. b5 Ke4 83. Qc6+ Ke5 84. Ka7 Qh7+ 85. Qb7
Qc2 86. a6 Qf2+ 87. Kb8 Qf8+ 88. Qc8 Qb4 89. Qc6 Qf8+ 90. Kb7 Qa3 {Black
resigns} 1-0

[Event "Team 45 45 League T37"]
[Site "Internet Chess Club"]
[Date "2008.06.01"]
[Round "6"]
[White "expatriot"]
[Black "iwulu"]
[Result "1/2-1/2"]
[WhiteElo "2170"]
[BlackElo "2353"]
[Opening "Queen's pawn game, Darooha variation "]
[ECO "D02"]
[Time "09:02:05"]
[TimeControl "2700+45"]

1. d4 d5 2. Nf3 Nf6 3. a3 Bf5 4. Bf4 e6 5. e3 Bd6 6. Bg3 O-O 7. c4 c6 8. Nc3 h6
9. Rc1 Re8 10. Bd3 Bxd3 11. Qxd3 Bxg3 12. hxg3 dxc4 13. Qxc4 Nbd7 14. O-O e5
{Game drawn by mutual agreement} 1/2-1/2

[Event "Team 45 45 League T37"]
[Site "Internet Chess Club"]
[Date "2008.06.02"]
[Round "6"]
[White "shakkimestari"]
[Black "Burning-Bush"]
[Result "0-1"]
[WhiteElo "2069"]
[BlackElo "2107"]
[Opening "Sicilian: closed"]
[ECO "B23"]
[Time "13:13:37"]
[TimeControl "2700+45"]

1. e4 c5 2. Nc3 a6 3. g3 Nc6 4. Bg2 g6 5. d3 Bg7 6. Nge2 d6 7. O-O Bd7 8. f4 b5
9. Kh1 b4 10. Nd5 e6 11. Ne3 Nge7 12. c3 Rb8 13. Nc4 Qc7 14. e5 dxe5 15. fxe5
O-O 16. d4 Na7 17. Bg5 Bc6 18. Bf6 Bxg2+ 19. Kxg2 Nd5 20. Rc1 Rbc8 21. cxb4 cxb4
22. Qd2 Qd7 23. Kg1 Nb5 24. Ne3 Rxc1 25. Qxc1 Rc8 26. Qd2 Bh6 27. Bg5 Bxg5 28.
Nxd5 Qxd5 29. Qxg5 Nxd4 30. Nxd4 Qxd4+ 31. Rf2 Rc2 32. Qf4 Qd1+ 33. Rf1 Qd7 34.
Qxb4 Qa7+ 35. Kh1 Qa8+ {White resigns} 0-1

[Event "Team 45 45 League T37"]
[Site "Internet Chess Club"]
[Date "2008.06.01"]
[Round "6"]
[White "alegro"]
[Black "onslaught"]
[Result "0-1"]
[WhiteElo "1978"]
[BlackElo "2158"]
[Opening "Sicilian: Najdorf, 7...Qb6"]
[ECO "B97"]
[Time "11:14:03"]
[TimeControl "2700+45"]

1. e4 c5 2. Nf3 d6 3. d4 cxd4 4. Nxd4 Nf6 5. Nc3 a6 6. Bg5 e6 7. f4 Qb6 8. Nb3
Be7 9. Qf3 Nbd7 10. O-O-O Qc7 11. g4 b5 12. a3 Bb7 13. Bd3 Nc5 14. Nxc5 dxc5 15.
Rhe1 b4 16. axb4 cxb4 17. Bxf6 Bxf6 18. Nb1 O-O 19. g5 Be7 20. h4 a5 21. Bb5
Rfc8 22. Ba4 Bc6 23. Bxc6 Qxc6 24. Re2 a4 25. Rd3 a3 26. bxa3 bxa3 27. Nxa3 Qc5
28. Nb1 Ra1 29. Qe3 Qb5 30. Rb3 Ba3+ 31. Kd2 Rd8+ {White resigns} 0-1